 Dungeon Crawl Stone Soup version 0.27-a0-1332-g84bddb5ca7 (webtiles) character file.

Game seed: 8819134038720606614

25 dinky3 the Sneak (level 2, -1/13 HPs)
             Began as a Spriggan Enchanter on June 25, 2021.
             Hit by a stone thrown by a kobold (2 damage)
             ... on level 3 of the Dungeon.
             The game lasted 00:02:03 (420 turns).

dinky3 the Sneak (Spriggan Enchanter)                Turns: 420, Time: 00:02:03

Health: -1/13      AC:  2    Str:  4    XL:     2   Next: 82%
Magic:  2/7        EV: 17    Int: 16    God:
Gold:   43         SH:  0    Dex: 15    Spells: 4/7 levels left

rFire    . . .     SeeInvis +   a - +1 dagger
rCold    . . .     Faith    .   (shield restricted)
rNeg     . . .     Spirit   .   b - +0 robe
rPois    .         Reflect  .   (helmet restricted)
rElec    .         Harm     .   (no cloak)
rCorr    .         Rampage  .   (gloves unavailable)
Will     .....                  (boots unavailable)
Stlth    +++.......             (no amulet)
HPRegen  0.04/turn              (no ring)
MPRegen  0.10/turn              (no ring)

@: very quick
A: very small, no large weapons, unfitting armour, see invisible, speed 3
a: no special abilities


You were on level 3 of the Dungeon.
You visited 1 branch of the dungeon, and saw 3 of its levels.

You collected 43 gold pieces.

Inventory:

Hand Weapons
 a - a +1 dagger (weapon)
Armour
 b - a +0 robe (worn)
Scrolls
 d - a scroll of teleportation {unknown}
Potions
 c - a potion of berserk rage {unknown}


   Skills:
 + Level 1.7 Short Blades
 - Level 3.1 Dodging
 + Level 4.9 Stealth
 - Level 3.0 Spellcasting
 - Level 3.9 Hexes


You had 4 spell levels left.
You knew the following spells:

 Your Spells              Type           Power      Damage    Failure   Level
a - Corona                Hex            16%        N/A       3%          1
b - Ensorcelled Hibernat  Hex/Ice        16%        N/A       13%         2

Your spell library contained the following spells:

 Spells                   Type           Power      Damage    Failure   Level
 Confusing Touch          Hex            15%        N/A       11%         3
 Tukima's Dance           Hex            15%        N/A       11%         3
 Shock                    Conj/Air       8%         1d3       19%         1
 Dazzling Flash           Conj/Hex       16%        N/A       26%         3
 Static Discharge         Conj/Air       2%         N/A       28%         2
 Swiftness                Air            2%         N/A       50%         3
 Airstrike                Air            1%         N/A       88%         4
 Lightning Bolt           Conj/Air       1%         1d12      99%         5


Dungeon Overview and Level Annotations

Branches:
Dungeon (3/15)

Altars:


Innate Abilities, Weirdness & Mutations

You are very small and have problems with some larger weapons.
You are too small for most types of armour.
You have supernaturally acute eyesight. (SInv)
You cover ground extremely quickly. (Speed+++)


Message History

Aim: an orc, wielding a +0 short sword (chance to affect: 57%)
The orc resists with significant effort.
Casting: Ensorcelled Hibernation (safe; 13% risk of failure)
Confirm with . or Enter, or press ? or * to list all spells.
You don't have enough magic to cast this spell.
Unknown command.
You open the door. The orc hits you with a +0 short sword.
* * * LOW HITPOINT WARNING * * *
There is an open door here.
Casting: Ensorcelled Hibernation (safe; 13% risk of failure)
Confirm with . or Enter, or press ? or * to list all spells.
Aiming: Ensorcelled Hibernation (safe; 13% risk of failure)
Press: ? - help, Shift-Dir - straight line, f/p - orc
Aim: an orc, wielding a +0 short sword (chance to affect: 57%)
The orc looks drowsy...
The helpless orc fails to defend itself.
You impale the orc!!
You kill the orc!
Okay, then.
A jackal comes into view. 2 jackals come into view.
The jackal barks!
The jackal moves out of view.
Found a stone staircase leading down.
A jackal comes into view.
A kobold comes into view. It is wielding a +0 short sword.
The jackal barks!
You hear a bark! x2
There is a stone staircase leading down here.
The kobold shouts!
You hit the kobold.
The kobold is severely wounded.
The kobold closely misses you.
You closely miss the kobold.
The kobold is severely wounded.
The kobold hits you with a +0 short sword.
* * * LOW HITPOINT WARNING * * *
Unknown command.
The kobold throws a stone.
The stone barely misses you.
The kobold throws a stone.
The stone hits you.
You die...

####K.............#
#.#.......##.......
###.#.......##.......
#...........##.......
#h#.#K......##.......
#.#.........##.......
#.###.......##.......
#.###.......##.....h.
#...@.......##.......
######......# .......
.### .. .# #


You could see a kobold.

Vanquished Creatures
  An adder (D:2)
  An orc (D:3)
  A giant cockroach (D:2)
  A goblin (D:2)
  A hobgoblin (D:3)
  A jackal (D:1)
  A quokka (D:2)
  2 frilled lizards (D:2)
  2 kobolds (D:2)
  5 rats (D:1)
16 creatures vanquished.

Notes
Turn   | Place    | Note
-------+----------+-------------------------------------------
     0 | D:1      | dinky3 the Spriggan Enchanter began the quest for the Orb.
     0 | D:1      | Reached XP level 1. HP: 9/9 MP: 5/5
   164 | D:2      | Reached XP level 2. HP: 4/13 MP: 6/6
   256 | D:2      | Learned a level 2 spell: Ensorcelled Hibernation
   420 | D:3      | Hit by a stone thrown by a kobold

Illustrated notes

Levels and vault maps discovered:
D:1:      dpeg_arrival_ratfight, layout_basic, chequers_ecumenical_altar_simple
D:2:      layout_loops_ring, serial_shops, nicolae_shop_behind_doors
D:3:      kennysheep_slugbush, layout_basic, uniq_terence, uniq_natasha

Skill      XL: |  1  2 |
---------------+-------+-----
Dodging        | 3 |  3.1
Spellcasting   | 3 |  3.0
Short Blades   | |  1.7
Stealth        | |  4.9
Hexes          | |  3.9

Action                   || total
-------------------------++-------
Melee: Dagger            ||    43
 Cast: Corona            ||     7
       Ensorcelled Hiber ||     6
 Stab: Sleeping          ||     9
Dodge: Dodged            ||    38

Table legend: (Time is in decaauts)
 A = Elapsed time spent in this place.
 B = Non-inter-level travel time spent in this place.
 C = Inter-level travel time spent in this place.
 D = Time resting spent in this place.
 E = Time spent auto-exploring this place.
 F = Levels seen in this place.
 G = Mean time per level.
                   A        B        C        D        E       F      G
               +--------+--------+--------+--------+--------+-----+--------+
         Total |    278 |    278 |      0 |      0 |      0 |   3 |   92.7 |
       Dungeon |    278 |    278 |      0 |      0 |      0 |   3 |   92.7 |
               +--------+--------+--------+--------+--------+-----+--------+

Top non-repeatable levels by time:
     D:2: 143 daAuts
     D:1: 76 daAuts
     D:3: 57 daAuts
